 Dungeon Crawl Stone Soup version 0.29-a0-817-g9904bce7a6 (console) character file.

Game seed: 2244394391783939318

263 om the Vexing (level 6, -13/70 HPs)
             Began as a Gnoll Arcane Marksman on July 5, 2022.
             Mangled by Duvessa
             ... wielding a +1 short sword of electrocution
              (20 damage)
             ... on level 4 of the Dungeon.
             The game lasted 00:08:47 (3959 turns).

om the Vexing (Gnoll Arcane Marksman)               Turns: 3959, Time: 00:08:47

Health: -13/70     AC: 23    Str: 16    XL:     6   Next: 19%
Magic:  11/11      EV:  2    Int: 12    God:
Gold:   152        SH:  0    Dex: 19    Spells: 9/11 levels left

rFire   + . .      SeeInvis .   b - +6 mace of the Sage {vorpal, rF+ Dex+5}
rCold   . . .      Faith    .   (no shield)
rNeg    . . .      Spirit   .   (body armour currently unavailable)
rPois   +          Reflect  .   (helmet currently unavailable)
rElec   .          Harm     .   (cloak currently unavailable)
rCorr   .          Rampage  .   (gloves currently unavailable)
Will    .....      NoTele   +   (boots currently unavailable)
Stlth   ++........              (no amulet)
HPRegen 0.21/turn               e - +6 ring of strength
MPRegen 0.12/turn               (no ring)

@: tree-form (expiring)
A: stationary, stasis, torment immunity, boosted hp, (fangs 1), strong nose,
distributed training
a: no special abilities


You were on level 4 of the Dungeon.
You were a tree.
You visited 1 branch of the dungeon, and saw 4 of its levels.

You collected 234 gold pieces.
You spent 82 gold pieces at shops.

Inventory:

Hand Weapons
 a - a +0 sling
 b - the +6 mace of the Sage (weapon) {vorpal, rF+ Dex+5}
   (You found it on level 3 of the Dungeon)

   It inflicts extra damage upon your enemies.
   Dex:       It affects your dexterity (+5).
   rF:        It protects you from fire.
Armour
 c - a +0 robe (melded)
 s - a +0 pair of gloves (melded)
Jewellery
 e - a +6 ring of strength (left branch)
Wands
 m - a wand of polymorph (1)
Scrolls
 d - a scroll of vulnerability
 f - a scroll of amnesia {unknown}
 l - 2 scrolls of fog
 n - a scroll of fear {unknown}
 p - a scroll of immolation
 q - a scroll of acquirement {unknown}
 r - a scroll of magic mapping {unknown}
 t - 2 scrolls of teleportation {unknown}
Potions
 g - a potion of degeneration {unknown}
 h - a potion of cancellation
 i - 2 potions of haste
 j - a potion of curing
 o - a potion of might
 u - a potion of mutation {unknown}


   Skills:
 + Level 3.2 Fighting
 + Level 1.9 Short Blades
 + Level 1.9 Long Blades
 + Level 1.9 Axes
 + Level 1.9 Maces & Flails
 + Level 1.9 Polearms
 + Level 1.9 Staves
 + Level 5.0 Ranged Weapons
 + Level 1.9 Throwing
 + Level 1.9 Armour
 + Level 5.0 Dodging
 + Level 1.9 Stealth
 + Level 1.9 Shields
 + Level 1.9 Unarmed Combat
 + Level 3.4 Spellcasting
 + Level 1.5 Conjurations
 + Level 5.6 Hexes
 + Level 1.5 Summonings
 + Level 1.5 Necromancy
 + Level 1.5 Translocations
 + Level 1.5 Transmutations
 + Level 1.5 Fire Magic
 + Level 1.5 Ice Magic
 + Level 1.5 Air Magic
 + Level 1.5 Earth Magic
 + Level 1.5 Poison Magic
 + Level 2.1 Invocations
 + Level 1.9 Evocations


You had 9 spell levels left.
You knew the following spells:

 Your Spells              Type           Power      Damage    Failure   Level
a - Slow                  Hex            60%        N/A       2%          1
b - Beastly Appendage     Tmut           10%        N/A       13%         1

Your spell library contained the following spells:

 Spells                   Type           Power      Damage    Failure   Level
 Dazzling Flash           Conj/Hex       20%        N/A       16%         3
 Inner Flame              Hex/Fire       10%        N/A       16%         3
 Portal Projectile        Hex/Tloc       20%        N/A       16%         3
 Wereblood                Tmut           5%         N/A       19%         2
 Cause Fear               Hex            7%         N/A       22%         4
 Spider Form              Tmut/Pois      5%         N/A       36%         3
 Silence                  Hex/Air        5%         N/A       83%         5
 Agony                    Necr           5%         N/A       98%         5


Dungeon Overview and Level Annotations

Branches:
Dungeon (4/15)
 Temple: D:4-7

Altars:
Elyvilon
Qazlal
Ru
Wu Jian
Zin
The Shining One

Shops:
D:2 **   D:4 (

Annotations:
D:4 Dowan, Duvessa


Innate Abilities, Weirdness & Mutations

You are a tree.
Your roots penetrate the ground, keeping you stationary.
You cannot be teleported.
You are immune to unholy pain and torment.
Your maximum health is greatly increased.
Your equipment is partially melded.
((You have very sharp teeth.))
Your uncanny sense of smell can sniff out nearby items.
Your experience applies equally to all skills.


Message History

Casting: Slow (safe; 2% risk of failure)
Confirm with . or Enter, or press ? or * to list all spells.
Okay, then.
Really quaff the potion of lignification?
You turn into a tree.
Your +0 pair of gloves melds into your body.
Your +0 robe melds into your body.
Your roots penetrate the ground.
Duvessa hits you with a +1 short sword of electrocution.
You are electrocuted!
Dowan, Brother of Duvessa comes into view.
He is wielding a +0 dagger.
You feel agile.
b - the +6 mace of the Sage (weapon)
{vorpal, rF+ Dex+5} You are too injured to fight recklessly!
You are too injured to fight recklessly!
You closely miss Duvessa. Duvessa hits you but does no damage.
You barely miss Duvessa.
Dowan shouts!
You punch Duvessa, but do no damage.
Duvessa hits you with a +1 short sword of electrocution.
You are electrocuted!
* * * LOW HITPOINT WARNING * * *
Dowan points at you and mumbles some strange words.
You resist with some effort. Duvessa hits you but does no damage.
You sock Duvessa!
Duvessa is heavily wounded.
Duvessa hits you but does no damage.
You are electrocuted!
* * * LOW HITPOINT WARNING * * *
You feel better. Duvessa completely misses you.
Dowan says, "Magic and the sword, together, will defeat you."
You hit Duvessa.
Duvessa is heavily wounded.
Duvessa hits you with a +1 short sword of electrocution!
* * * LOW HITPOINT WARNING * * *
Dowan gestures at you while chanting.
The puff of flame hits you but does no damage.
You sock Duvessa!
Duvessa is severely wounded.
Your transformation is almost over.
Duvessa hits you but does no damage.
You are electrocuted!!
You die...

#.##...##.##.......###.
#.###.###.###.....##
#.........# ##...##
#####.##### ##'## #.#
.# #.# .# ####.### .##
#......# ..## #.##.#.#
...# #.##.#.# ..#####
#.##.#♣#######.......
#.##.e...e......#
#......##########
########


You could see Duvessa and Dowan.

Vanquished Creatures
  An ogre (D:4)
  2 hounds (D:4)
  Jessica (D:3)
  2 adders
  An ufetubus (D:4)
  A worm (D:3)
  2 dart slugs
  3 orcs
  5 endoplasms
  A giant cockroach (D:2)
  5 goblins
  6 hobgoblins
  2 jackals (D:3)
  A quokka (D:4)
  8 ball pythons
  4 bats
  A frilled lizard (D:1)
  5 kobolds
  4 rats
55 creatures vanquished.

Notes
Turn   | Place    | Note
-------+----------+-------------------------------------------
     0 | D:1      | om the Gnoll Arcane Marksman began the quest for the Orb.
     0 | D:1      | Reached XP level 1. HP: 17/17 MP: 4/4
   183 | D:1      | Found a faded altar of an unknown god.
   253 | D:1      | Reached XP level 2. HP: 23/23 MP: 5/5
  1117 | D:2      | Found Haeshome's General Store.
  1176 | D:2      | Reached XP level 3. HP: 28/28 MP: 7/7
  1187 | D:2      | Found Cejer's General Store.
  1198 | D:2      | Bought a scroll of fog for 24 gold pieces
  1198 | D:2      | Bought a wand of polymorph (1) for 36 gold pieces
  1263 | D:2      | Reached skill level 1 in Invocations
  1491 | D:2      | Bought a scroll of identify for 22 gold pieces
  1547 | D:3      | Noticed Jessica
  1552 | D:3      | Killed Jessica
  1553 | D:3      | Reached skill level 1 in Short Blades
  1553 | D:3      | Reached skill level 1 in Long Blades
  1553 | D:3      | Reached skill level 1 in Axes
  1553 | D:3      | Reached skill level 1 in Maces & Flails
  1553 | D:3      | Reached skill level 1 in Polearms
  1553 | D:3      | Reached skill level 1 in Staves
  1553 | D:3      | Reached skill level 1 in Throwing
  1553 | D:3      | Reached skill level 1 in Armour
  1553 | D:3      | Reached skill level 1 in Stealth
  1553 | D:3      | Reached skill level 1 in Shields
  1553 | D:3      | Reached skill level 1 in Unarmed Combat
  1553 | D:3      | Reached skill level 1 in Evocations
  1553 | D:3      | Reached XP level 4. HP: 33/34 MP: 8/8
  1706 | D:3      | Identified the +6 mace of the Sage {vorpal, rF+ Dex+5}
  1807 | D:3      | Reached skill level 1 in Conjurations
  1807 | D:3      | Reached skill level 1 in Summonings
  1807 | D:3      | Reached skill level 1 in Necromancy
  1807 | D:3      | Reached skill level 1 in Translocations
  1807 | D:3      | Reached skill level 1 in Transmutations
  1807 | D:3      | Reached skill level 1 in Fire Magic
  1807 | D:3      | Reached skill level 1 in Ice Magic
  1807 | D:3      | Reached skill level 1 in Air Magic
  1807 | D:3      | Reached skill level 1 in Earth Magic
  1807 | D:3      | Reached skill level 1 in Poison Magic
  1920 | D:3      | Found an ornate altar of the Wu Jian Council.
  1957 | D:3      | Found a sacrificial altar of Ru.
  2202 | D:4      | Reached XP level 5. HP: 20/40 MP: 9/9
  2451 | D:4      | Found a glowing golden altar of the Shining One.
  2451 | D:4      | Found a glowing silver altar of Zin.
  2452 | D:4      | Found a white marble altar of Elyvilon.
  2636 | D:4      | Found a stormy altar of Qazlal.
  2848 | D:4      | Noticed an ogre
  3224 | D:4      | Learned a level 1 spell: Beastly Appendage
  3239 | D:4      | Found Xes Otaosei's Antique Weapon Emporium.
  3521 | D:4      | Killed an ogre
  3522 | D:4      | Reached XP level 6. HP: 47/47 MP: 8/11
  3573 | D:4      | Reached skill level 5 in Ranged Weapons
  3573 | D:4      | Reached skill level 5 in Dodging
  3705 | D:4      | Noticed Duvessa
  3952 | D:4      | Noticed Dowan
  3956 | D:4      | HP: 2/70 [Duvessa/+1 short sword of electrocution (12)]
  3959 | D:4      | Mangled by Duvessa

Illustrated notes

Levels and vault maps discovered:
D:1:      scummos_arrival_hexagon, layout_basic, ebering_ecumenical_altar_hall
D:2:      layout_basic, serial_shops, shop, nicolae_shop_window_shopping
D:3:      layout_rooms, hangedman_ru_absence, nzn_wu_jian_council_hall,
          st_stairs_6, chequers_garden, item_on_display_a, uniq_jessica
D:4:      layout_loops_corners, good_gods_temple_1,
          mainiacjoe_overflow_tiny_flanked, kennysheep_minor_cross,
          kennysheep_windowed_goal, uniq_duvessa

Skill      XL: |  1  2  3  4  5  6 |
---------------+-------------------+-----
Invocations    | 1 2 |  2.1
Short Blades   | 1 |  1.9
Long Blades    | 1 |  1.9
Axes           | 1 |  1.9
Maces & Flails | 1 |  1.9
Polearms       | 1 |  1.9
Staves         | 1 |  1.9
Throwing       | 1 |  1.9
Armour         | 1 |  1.9
Stealth        | 1 |  1.9
Shields        | 1 |  1.9
Unarmed Combat | 1 |  1.9
Spellcasting   | 3 |  3.4
Evocations     | 1 |  1.9
Conjurations   | 1 |  1.5
Summonings     | 1 |  1.5
Necromancy     | 1 |  1.5
Translocations | 1 |  1.5
Transmutations | 1 |  1.5
Fire Magic     | 1 |  1.5
Ice Magic      | 1 |  1.5
Air Magic      | 1 |  1.5
Earth Magic    | 1 |  1.5
Poison Magic   | 1 |  1.5
Fighting       | 3 |  3.2
Ranged Weapons | 5 |  5.0
Dodging        | 5 |  5.0
Hexes          | |  5.6

Action                   |  1- 3 |  4- 6 || total
-------------------------+-------+-------++-------
Melee: Mace              |       |    11 ||    11
       Punch             |       |     1 ||     1
 Fire: Sling             |    71 |   125 ||   196
 Cast: Slow              |       |    15 ||    15
  Use: Scroll            |     5 |     1 ||     6
       Potion            |       |     2 ||     2
Armor: Robe              |     5 |    13 ||    18
       Skin              |       |     5 ||     5
Dodge: Dodged            |    21 |    43 ||    64

Table legend: (Time is in decaauts)
 A = Elapsed time spent in this place.
 B = Non-inter-level travel time spent in this place.
 C = Inter-level travel time spent in this place.
 D = Time resting spent in this place.
 E = Time spent auto-exploring this place.
 F = Levels seen in this place.
 G = Mean time per level.
                   A        B        C        D        E       F      G
               +--------+--------+--------+--------+--------+-----+--------+
         Total |   3993 |   3807 |    186 |   1235 |   1973 |   4 |  998.2 |
       Dungeon |   3993 |   3807 |    186 |   1235 |   1973 |   4 |  998.2 |
               +--------+--------+--------+--------+--------+-----+--------+

Top non-repeatable levels by time:
     D:4: 1284 daAuts
     D:3: 1150 daAuts
     D:1: 1088 daAuts
     D:2: 469 daAuts
